 Dungeon Crawl Stone Soup version 0.19.4-9-g45fd643 (webtiles) character file.

314 protoss039 the Conjurer (level 6, -1/36 HPs)
             Began as a High Elf Conjurer on Feb 16, 2017.
             Shot with an arrow by a centaur (12 damage)
             ... on level 5 of the Dungeon.
             The game lasted 00:20:51 (3665 turns).

protoss039 the Conjurer (High Elf Conjurer)         Turns: 3665, Time: 00:20:52

Health: -1/36      AC:  7    Str:  6 (7)  XL:     6   Next: 19%
Magic:  12/14      EV: 12    Int: 18 (21) God:
Gold:   238        SH:  0    Dex: 17 (18) Spells: 3 memorised, 8 levels left

rFire  . . .     SeeInvis .     d - +0 mace
rCold  + . .     Gourm    .     h - +2 leather armour {rC+}
rNeg   . . .     Faith    .     (no shield)
rPois  .         Spirit   .     f - +0 helmet
rElec  .         Reflect  .     (no cloak)
rCorr  .         Harm     .     g - +0 pair of gloves
MR     .....                    (no boots)
Stlth  ++........               (no amulet)
                                (no ring)
                                q - +2 ring of dexterity

@: marked, flying
A: no striking features
a: no special abilities


You were on level 5 of the Dungeon.
You were not hungry.

You visited 1 branch of the dungeon, and saw 5 of its levels.

You collected 238 gold pieces.

Inventory:

Hand Weapons
 d - a +0 mace (weapon)
Armour
 f - a +0 helmet (worn)
 g - a +0 pair of gloves (worn)
 h - a +2 leather armour of cold resistance (worn)
Magical Staves
 n - an uncursed staff of poison
Jewellery
 q - a +2 ring of dexterity (left hand)
Wands
 j - a wand of confusion (43/48)
 m - a wand of acid (6/15)
 r - a wand of paralysis (7/24)
Scrolls
 a - a scroll of teleportation
 e - 2 scrolls of identify
Potions
 p - a potion of curing {unknown}
 t - a potion of ambrosia {unknown}
Books
 b - a book of Conjurations

   Spells                             Type                      Level
   a - Magic Dart                     Conjuration                  1
   b - Searing Ray                    Conjuration                  2
   c - Dazzling Spray                 Conjuration/Hexes            3
   d - Fulminant Prism                Conjuration/Hexes            4
   e - Iskenderun's Mystic Blast      Conjuration                  4
   f - Iskenderun's Battlesphere      Conjuration/Charms           5
 s - a book of Geomancy

   Spells                             Type                      Level
   a - Sandblast                      Earth                        1
   b - Passwall                       Transmutation/Earth          2
   c - Stone Arrow                    Conjuration/Earth            3
   d - Petrify                        Transmutation/Earth          4
   e - Lee's Rapid Deconstruction     Earth                        5
Comestibles
 c - 3 bread rations
 i - a chunk of flesh
 l - 2 slices of pizza


   Skills:
 + Level 0.2 Fighting
 + Level 0.7 Maces & Flails
 + Level 1.0 Armour
 - Level 2.2 Dodging
 + Level 2.8 Stealth
 * Level 4.8 Spellcasting
 * Level 6.4 Conjurations


You had 8 spell levels left.
You knew the following spells:

 Your Spells              Type           Power        Failure   Level  Hunger
a - Magic Dart            Conj           ####         1%          1    None
b - Searing Ray           Conj           ####..       2%          2    #......
c - Dazzling Spray        Conj/Hex       ###...       21%         3    ###....


Dungeon Overview and Level Annotations

Branches:
Dungeon (5/15)
 Temple: D:4-7

Altars:
Trog


Message History

The arrow hits you but does no damage.
You see here an arrow.
Casting: Searing Ray
Confirm with . or Enter, or press ? or * to list all spells.
Okay, then.
The centaur shoots an arrow.
The arrow hits you.
You see here an arrow.
Casting: Searing Ray
Confirm with . or Enter, or press ? or * to list all spells.
You can't see any susceptible monsters within range! (Use Z to cast anyway.) Unknown command.
It was a potion of degeneration.
There was something very wrong with that liquid.
You feel weakened.
You feel dopey.
You feel clumsy.
Unknown command.
It was a potion of flight.
You feel very buoyant.
You fly up into the air.
The centaur shoots an arrow.
The arrow hits you!
The centaur shoots an arrow.
The arrow hits you!
You die...

#. #.# #.# .. #.# #.# ##
#.# #.# #.# #.##### #.#
#.....# #.# #####.# #.#
#.#
#.####################.##
#.........@(....c.......#
#.#######################
###


You could see a centaur.

Vanquished Creatures
  A centaur (D:5)
  2 orc priests (D:4)
  An iguana (D:4)
  A worker ant (D:4)
  5 adders
  An adder skeleton (D:4)
  A worm (D:3)
  3 dart slugs
  4 orcs
  7 bats
  9 giant cockroaches
  10 goblins
  6 hobgoblins
  8 kobolds
  2 quokkas
  A frilled lizard (D:3)
  A quokka skeleton (D:4)
  11 rats
74 creatures vanquished.

Vanquished Creatures (others)
  A wizard (D:3)
1 creature vanquished.

Grand Total: 75 creatures vanquished

Notes
Turn   | Place    | Note
-------+----------+-------------------------------------------
     0 | D:1      | protoss039 the High Elf Conjurer began the quest for the Orb.
     0 | D:1      | Reached XP level 1. HP: 11/11 MP: 4/4
   272 | D:1      | Reached XP level 2. HP: 17/17 MP: 0/6
   375 | D:1      | Learned a level 2 spell: Searing Ray
   480 | D:1      | Reached skill level 5 in Conjurations
   999 | D:2      | Reached XP level 3. HP: 21/21 MP: 6/8
  1006 | D:2      | Learned a level 3 spell: Dazzling Spray
  1922 | D:2      | Reached XP level 4. HP: 27/27 MP: 4/9
  2533 | D:3      | Found a bloodstained altar of Trog.
  2534 | D:3      | Noticed a wizard
  2539 | D:3      | Killed a wizard
  2911 | D:4      | Reached skill level 6 in Conjurations
  2911 | D:4      | Reached XP level 5. HP: 31/31 MP: 2/11
  3558 | D:5      | Entered Level 5 of the Dungeon
  3628 | D:5      | Noticed a centaur
  3632 | D:5      | Killed a centaur
  3632 | D:5      | Reached skill level 1 in Armour
  3632 | D:5      | Reached XP level 6. HP: 17/36 MP: 8/14
  3665 | D:5      | Shot with an arrow by a centaur

Skill      XL: |  1  2  3  4  5 |
---------------+----------------+-----
Conjurations   | 5 6 |  6.4
Spellcasting   | 3 4 |  4.8
Armour         | 1 |  1.0
Fighting       | |  0.2
Maces & Flails | |  0.7
Dodging        | |  2.2
Stealth        | |  2.8

Action                   |  1- 3 |  4- 6 || total
-------------------------+-------+-------++-------
Melee: Unarmed           |     3 |       ||     3
       Short sword       |     3 |       ||     3
       Mace              |       |    26 ||    26
 Cast: Magic Dart        |    62 |    55 ||   117
       Searing Ray       |     6 |     7 ||    13
  Use: Scroll            |       |     6 ||     6
       Potion            |       |     3 ||     3
 Stab: Sleeping          |       |     1 ||     1
  Eat: Chunk             |     3 |     4 ||     7
       Meat ration       |       |     1 ||     1
Armor: Robe              |     3 |     5 ||     8
       Skin              |       |    27 ||    27
       Leather armour    |       |     6 ||     6
Dodge: Dodged            |    16 |    19 ||    35
